 Dungeon Crawl Stone Soup version 0.30-a0-187-gd9c2deaf24 (webtiles) character file.

Game seed: 13831638316672534751

29 Iusername the Covered (level 3, -7/33 HPs)
             Began as an Armataur Fighter on Oct 3, 2022.
             Mangled by a gnoll
             ... wielding a +0 halberd
              (8 damage)
             ... on level 2 of the Dungeon.
             The game lasted 00:01:15 (700 turns).

Iusername the Covered (Armataur Fighter)             Turns: 700, Time: 00:01:17

Health: -7/33      AC:  7    Str: 23    XL:     3   Next: 1%
Magic:  3/3        EV:  7    Int:  8    God:
Gold:   45         SH:  4    Dex:  9    Spells: 2/2 levels left

rFire   . . .      SeeInvis .    a - +0 war axe
rCold   . . .      Faith    .    c - +0 buckler
rNeg    . . .      Spirit   .    b - +0 scale mail
rPois   .          Reflect  .    (no helmet)
rElec   .          Harm     .    (no cloak)
rCorr   .          Roll     +    (no gloves)
Will    .....                    (no barding)
Stlth   ..........               (no amulet)
HPRegen 0.25/turn                (no ring)
MPRegen 0.08/turn                (no ring)

@: mighty, flying
A: large, rugged brown scales 3, deformed body, armoured tail, roll, long
tongue, awkward tongue
a: no special abilities


You were on level 2 of the Dungeon.
You visited 1 branch of the dungeon, and saw 2 of its levels.

You collected 45 gold pieces.

Inventory:

Hand Weapons
 a - a +0 war axe (weapon)
Armour
 b - a +0 scale mail (worn)
 c - a +0 buckler (worn)
Scrolls
 f - 2 scrolls of identify {unknown}
 i - a scroll of summoning {unknown}
 j - a scroll of amnesia {unknown}
 k - a scroll of poison {unknown}
Potions
 e - a potion of flight
 g - a potion of curing {unknown}
 h - a potion of mutation {unknown}
 l - a potion of ambrosia {unknown}


   Skills:
 + Level 3.0 Fighting
 + Level 2.1 Axes
 + Level 4.0 Armour
 + Level 3.5 Shields


You had 2 spell levels left.
You didn't know any spells.
Your spell library was empty.

Dungeon Overview and Level Annotations

Branches:
Dungeon (2/15)

Altars:

Shops:
D:1 :


Innate Abilities, Weirdness & Mutations

You are completely covered in rugged brown scales. (AC +3, +7% HP)
Armour fits poorly on your strangely shaped body.
You have a long armoured tail.
You roll when moving toward enemies. (Rampage)
Your long tongue fully drains potion bottles. (2x potion effects)
Your tongue gives you trouble enunciating. (1.5x scroll delay)


Message History

There are monsters nearby!
You barely miss the hobgoblin. The hobgoblin barely misses you.
The gnoll hits you but does no damage.
Unknown command.
There are monsters nearby!
You slash the hobgoblin!
You kill the hobgoblin!
The gnoll hits you but does no damage. You block the giant cockroach's attack.
The gnoll hits you but does no damage.
There are monsters nearby!
You hit the gnoll but do no damage. You barely miss the giant cockroach.
The giant cockroach barely misses you. The gnoll hits you with a +0 club.
The gnoll hits you from afar with a +0 halberd!
You feel very mighty all of a sudden.
The giant cockroach bites you but does no damage.
The gnoll hits you from afar with a +0 halberd.
* * * LOW HITPOINT WARNING * * *
The giant cockroach bites you but does no damage.
Welcome back, Iusername the Armataur Fighter.
Press ? for a list of commands and other information.
It was a potion of flight.
You feel very buoyant.
You fly up into the air.
The gnoll barely misses you. You block the giant cockroach's attack.
You slash the giant cockroach!
You kill the giant cockroach!
The gnoll hits you but does no damage.
You have reached level 3!
Your experience leads to an increase in your attributes!
Increase (S)trength, (I)ntelligence, or (D)exterity?
You feel stronger. x2
Unknown command.
You closely miss the gnoll. You tail-slap the gnoll.
The gnoll is moderately wounded.
The gnoll hits you from afar with a +0 halberd.
* * * LOW HITPOINT WARNING * * *
The gnoll barely misses you. The gnoll hits you but does no damage.
The gnoll closely misses you.
The gnoll hits you from afar with a +0 halberd!
You die...

..### #.# #.......#.#
..#
#.######.#...#<###.
###
#..................
########.##.##.##..
#.##)##.# # #..... #
#################.##
#...........#####g##
##.#########....@gB.#
...# #######g....#
.#.# #..)..# .#.#
.....# .#.# .....<.
.#.# ....... ...#
....... ...# #....##
....


You could see 3 gnolls and a giant cockroach.

Vanquished Creatures
  An adder (D:2)
  An endoplasm (D:1)
  2 giant cockroaches
  4 hobgoblins
  3 kobolds
  2 quokkas (D:1)
  5 bats
18 creatures vanquished.

Notes
Turn   | Place    | Note
-------+----------+-------------------------------------------
     0 | D:1      | Iusername the Armataur Fighter began the quest for the Orb.
     0 | D:1      | Reached XP level 1. HP: 19/19 MP: 1/1
    46 | D:1      | Found Kykhlu's Book Boutique.
    90 | D:1      | Found a faded altar of an unknown god.
   173 | D:1      | Reached XP level 2. HP: 26/26 MP: 2/2
   565 | D:2      | Reached skill level 4 in Armour
   700 | D:2      | Reached XP level 3. HP: 7/33 MP: 3/3
   700 | D:2      | HP: 1/33 [gnoll/+0 halberd (6)]
   700 | D:2      | Mangled by a gnoll

Illustrated notes

Levels and vault maps discovered:
D:1:      ncdulo_wetmaze, layout_loops_ring, serial_shops, shop,
          hellmonk_ecumenical_altar_arch_garden
D:2:      layout_loops_ring

Skill      XL: |  1  2 |
---------------+-------+-----
Fighting       | 3 |  3.0
Armour         | 4 |  4.0
Axes           | 2 |  2.1
Shields        | |  3.5

Action                   || total
-------------------------++-------
Melee: War axe           ||    37
       Tailslap          ||     4
  Use: Potion            ||     2
Armor: Scale mail        ||    26
Dodge: Dodged            ||    16
Block: Buckler           ||     8

Table legend: (Time is in decaauts)
 A = Elapsed time spent in this place.
 B = Non-inter-level travel time spent in this place.
 C = Inter-level travel time spent in this place.
 D = Time resting spent in this place.
 E = Time spent auto-exploring this place.
 F = Levels seen in this place.
 G = Mean time per level.
                   A        B        C        D        E       F      G
               +--------+--------+--------+--------+--------+-----+--------+
         Total |    722 |    707 |     15 |      0 |    593 |   2 |  361.0 |
       Dungeon |    722 |    707 |     15 |      0 |    593 |   2 |  361.0 |
               +--------+--------+--------+--------+--------+-----+--------+

Top non-repeatable levels by time:
     D:1: 535 daAuts
     D:2: 186 daAuts
